 Dungeon Crawl Stone Soup version 0.26.1-11-gd32895ea62 (webtiles) character file.

Game seed: 5887138436800593439

42550 buriedalive the Spry (level 13, -6/83 HPs)
             Began as a Deep Elf Ice Elementalist on May 17, 2021.
             Was an Elder of Ashenzari.
             Mangled by a death yak (8 damage)
             ... on level 6 of the Lair of Beasts on May 19, 2021.
             The game lasted 01:18:26 (31368 turns).

buriedalive the Spry (Deep Elf Ice Elementalist)   Turns: 31368, Time: 01:18:27

Health: -6/83      AC: 29    Str: 11    XL:     13   Next: 86%
Magic:  12/24      EV: 23    Int: 29    God:    Ashenzari [****..]
Gold:   670        SH:  5    Dex: 15    Spells: 4/24 levels left

rFire    + . .     SeeInvis +   s - +3 dagger (venom) (curse)
rCold    . . .     Faith    .   (no shield)
rNeg     . . .     Spirit   .   a - +1 robe
rPois    .         Reflect  +   R - +2 helmet {Int+3}
rElec    .         Harm     .   N - +2 cloak
rCorr    .         Rampage  .   w - +2 pair of gloves
Will     +....     Clarity  +   S - +2 pair of boots {run}
Stlth    ++........             x - amulet of reflection (curse)
HPRegen  0.63/turn              F - +6 ring of strength
MPRegen  0.19/turn              A - ring of protection from fire (curse)

@: icy armour, studying Maces & Flails, quick
A: claws 1, thin metallic scales 2, regeneration 1
a: Renounce Religion, Curse Item, Scrying


You were on level 6 of the Lair of Beasts.
You worshipped Ashenzari.
Ashenzari was greatly pleased with you.
You visited 3 branches of the dungeon, and saw 20 of its levels.
You also visited: Sewer, Bailey and Gauntlet.

You collected 1168 gold pieces.
You spent 498 gold pieces at shops.

Inventory:

Hand Weapons
 s - a cursed +3 dagger of venom (weapon)
 P - a +4 scimitar of flaming
 W - the +10 whip "Zusho" {pain, rN+ Will- Str+4}
   (You found it on level 4 of the Lair of Beasts)

   In the hands of one skilled in necromantic magic, it inflicts extra damage on
   living creatures.
   It affects your strength (+4).
   It protects you from negative energy.
   It affects your willpower, your defense against some magical effects.
Missiles
 e - 740 stones
 i - 4 datura-tipped darts
 m - 74 boomerangs
 r - 11 silver javelins
 Q - 34 poisoned darts (quivered)
Armour
 a - a +1 robe (worn)
 w - a +2 pair of gloves (worn)
 N - a +2 cloak (worn)
 R - a +2 helmet of intelligence (worn)
 S - a +2 pair of boots of running (worn)
Jewellery
 g - an uncursed ring of willpower
 x - a cursed amulet of reflection (around neck)
 A - a cursed ring of protection from fire (right hand)
 B - an uncursed ring of positive energy
 F - a +6 ring of strength (left hand)
 U - an uncursed amulet of faith
 Z - an uncursed ring of poison resistance
Wands
 f - a wand of digging (7)
 n - a wand of flame (25)
 v - a wand of iceblast (17)
 z - a wand of random effects (17)
 E - a wand of acid (16)
 L - a wand of paralysis (6)
 M - a wand of polymorph (10)
Scrolls
 d - 3 scrolls of magic mapping
 j - 2 scrolls of amnesia
 l - a scroll of silence
 q - 3 scrolls of identify
 y - 6 scrolls of teleportation
 H - 2 scrolls of summoning
 I - 3 scrolls of fog
 T - a scroll of holy word
 V - a scroll of blinking
 Y - 3 scrolls of enchant weapon
Potions
 b - 6 potions of heal wounds
 c - a potion of cancellation
 h - 5 potions of haste
 k - 5 potions of brilliance
 o - a potion of invisibility
 p - 8 potions of curing
 t - 2 potions of might
 u - 2 potions of ambrosia
 C - 4 potions of flight
 G - 2 potions of resistance
 J - a potion of mutation
 K - 6 potions of magic
Books
 D - a manual of Maces & Flails
 X - a manual of Maces & Flails


   Skills:
 + Level 10.4 Fighting
 - Level 15.0 Dodging
 - Level 2.4 Stealth
 + Level 6.1 Spellcasting
 - Level 8.6(10.8) Conjurations
 - Level 8.0(10.3) Summonings
 - Level 13.6(15.5) Ice Magic


You had 4 spell levels left.
You knew the following spells:

 Your Spells              Type           Power        Failure   Level
a - Freeze                Ice            100%         0%          1
b - Frozen Ramparts       Ice            100%         1%          3
c - Ozocubu's Armour      Ice            78%          1%          3
d - Summon Ice Beast      Ice/Summ       71%          1%          4
e - Hailstorm             Conj/Ice       71%          1%          4
f - Iskenderun's Battles  Conj           64%          1%          5

Your spell library contained the following spells:

 Spells                   Type           Power        Failure   Level
 Ensorcelled Hibernation  Hex/Ice        100%         1%          2
 Dazzling Flash           Conj/Hex       82%          1%          3
 Corona                   Hex            11%          4%          1
 Slow                     Hex            10%          8%          2
 Confusing Touch          Hex            10%          16%         3
 Inner Flame              Hex/Fire       10%          16%         3
 Portal Projectile        Hex/Tloc       20%          16%         3
 Tukima's Dance           Hex            10%          16%         3
 Cause Fear               Hex            5%           45%         4
 Leda's Liquefaction      Hex/Erth       5%           45%         4
 Bolt of Magma            Conj/Fire/Erth 15%          32%         5
 Orb of Destruction       Conj           32%          50%         7
 Spellforged Servitor     Conj/Summ      31%          52%         7
 Iron Shot                Conj/Erth      20%          65%         6


Dungeon Overview and Level Annotations

Branches:
Dungeon (13/15)            Temple (1/1) D:7            Lair (6/6) D:9
 Shoals (0/4) Lair:3        Snake (0/4) Lair:2        Slime (0/5) Lair:5
    Orc (0/2) D:9           Sewer (visited)          Bailey (visited)
Gauntlet (visited)
 Vaults: D:13-14

Altars:
Ashenzari
Cheibriados
Dithmenos
Fedhas
Gozag
Kikubaaqudgha
Makhleb
Nemelex Xobeh
Okawaru
Sif Muna
Uskayaw
Xom
Yredelemnul
The Shining One
Jiyva

Shops:
D:9 [?!   D:11 *

Portals:
Trove: D:12 (show abyssal rune of Zot)

Annotations:
D:10 3 runed translucent doors, Hubris850's ghost, novice DsGl
D:11 3 runed translucent doors, exclusion: obsidian statue, phalm's ghost, journeyman DECj
D:12 2 transporters, Seanster0919's ghost, journeyman MiFi
Lair:1 exclusion: 2 oklob plants
Lair:4 3 runed translucent doors, Wairalebb's ghost, journeyman BaFi
Lair:5 1 runed translucent door


Innate Abilities, Weirdness & Mutations

You have sharp fingernails.
You are mostly covered in thin metallic scales. (AC +3)
Your natural rate of healing is unusually fast.


Message History

The death yak barely misses you.
You hit the death yak.
The death yak looks as sick as possible!
The death yak is almost dead.
The death yak gores you!!
* * * LOW HITPOINT WARNING * * *
The death yak gores you but does no damage.
You are too injured to fight recklessly!
Unknown command.
Casting: Frozen Ramparts (safe; 1% risk of failure)
Confirm with . or Enter, or press ? or * to list all spells.
Your icy armour thickens.
The death yak barely misses you. The death yak gores you!!
* * * LOW HITPOINT WARNING * * *
Unknown command.
Unknown command.
Casting: Ozocubu's Armour (safe; 1% risk of failure)
Confirm with . or Enter, or press ? or * to list all spells.
A chill wind blows around you. The death yak gores you!
You die...

* ###......8........
* ** **
###......###.... , *
, , * #.....÷## ##...
, , , #..###...##
#... *, ,8, *
##*####...####.. *,
,, * ###.###...# #..
* , , ,, ##.....##..#
#.. , ** *
###...#......###.. ,
, ***
,**#@....##......###.
,*
#..YYYY..####....##
## , ** , *
##..†###.# ###.## #P
, , #...# #..# ### #.
* , ##.. * ##..# * **
#P * * * #..** #...**
## *, ,..* .... , #
*** .## ,,.##^ * #
*,,,,** * ,,* *


You could see 2 death yaks, a yak and a friendly ice beast (summoned).

Vanquished Creatures
  A minotaur (Gauntlet)
  Snorg (D:10)
  Harold (Lair:1)
  A boulder beetle (Lair:5)
  4 hydras
  A queen ant (Lair:2)
  3 death yaks (Lair:6)
  Urug (D:12)
  A fire crab (shapeshifter) (Gauntlet)
  An unseen horror (D:10)
  An orc knight (Bailey)
  2 cyclopes (D:12)
  4 elephants (Lair:4)
  4 black mambas
  7 cane toads
  2 centaur skeletons
  A rime drake (Lair:5)
  6 komodo dragons
  A minotaur zombie (Gauntlet)
  A tengu conjurer (D:12)
  2 trolls
  A polar bear (Lair:5)
  A tyrant leech (Gauntlet)
  17 blink frogs
  A snapping turtle (Lair:3)
  A wraith (D:10)
  34 yaks
  2 wyverns
  2 basilisks
  6 vampire mosquitoes
  7 soldier ants (Lair:2)
  2 swamp worms (Gauntlet)
  13 water moccasins
  A water moccasin (shapeshifter) (Gauntlet)
  3 black bears
  3 orc warriors
  4 phantoms
  2 ice beasts
  2 sky beasts (D:10)
  An eye of draining (D:11)
  3 ogres
  13 centaurs
  A wolf (D:9)
  17 bullfrogs
  A wyvern zombie (D:10)
  A water moccasin zombie (D:7)
  A wyvern skeleton (D:7)
  A scorpion (D:11)
  9 killer bees
  10 wights
  3 electric eels
  2 howler monkeys
  3 centaur zombies
  3 quasits
  3 jellies
  3 orc priests
  11 hounds
  A jelly (shapeshifter) (Gauntlet)
  6 orc wizards
  Ijyb (D:4)
  7 hell rats (Lair:4)
  2 iguanas
  34 worker ants
  A hound zombie (D:7)
  2 hound skeletons
  2 worker ant zombies (D:6)
  18 adders
  13 gnolls (Bailey)
  A river rat (D:6)
  3 shadow imps
  3 ufetubi
  3 oozes
  2 adder zombies
  An adder skeleton (D:9)
  7 worms
  A dart slug (D:3)
  7 leopard geckos
  31 orcs
  3 ball pythons
  10 bats
  7 giant cockroaches
  4 goblins
  17 hobgoblins
  6 jackals
  3 quokkas
  7 frilled lizards
  16 kobolds
  6 rats
459 creatures vanquished.

Vanquished Creatures (collateral kills)
  A hydra (Lair:3)
  A catoblepas (Lair:6)
  A centaur warrior (D:9)
  Maurice (D:10)
  2 rime drakes
  A troll (D:9)
  4 blink frogs
  A basilisk (Lair:2)
  2 ice beasts
  A phantom (D:9)
  2 bullfrogs
  A gnoll sergeant (D:10)
  A wight (D:8)
  A worker ant (D:10)
20 creatures vanquished.

Vanquished Creatures (others)
  22 fungi
  28 plants
50 creatures vanquished.

Grand Total: 529 creatures vanquished

Notes
Turn   | Place    | Note
-------+----------+-------------------------------------------
     0 | D:1      | buriedalive the Deep Elf Ice Elementalist began the quest
                  | for the Orb.
     0 | D:1      | Reached XP level 1. HP: 10/10 MP: 6/6
   181 | D:1      | Reached XP level 2. HP: 14/15 MP: 5/8
   503 | D:1      | Reached skill level 3 in Dodging
  1388 | D:2      | Reached XP level 3. HP: 12/19 MP: 5/10
  2121 | D:2      | Reached skill level 5 in Ice Magic
  2649 | D:3      | Reached XP level 4. HP: 24/24 MP: 10/12
  3522 | D:3      | Found a faded altar of an unknown god.
  3563 | D:3      | Reached skill level 4 in Dodging
  3702 | D:3      | Found an iron altar of Okawaru.
  3871 | D:3      | Found a shimmering blue altar of Sif Muna.
  4071 | D:4      | Reached XP level 5. HP: 17/28 MP: 10/14
  4075 | D:4      | Reached skill level 5 in Spellcasting
  4401 | D:4      | Found a shimmering altar of Xom.
  4401 | D:4      | Found a shimmering altar of Xom.
  4402 | D:4      | Found a shimmering altar of Xom.
  4441 | D:4      | Found a shimmering altar of Xom.
  4559 | D:4      | Noticed Ijyb
  4569 | D:4      | Killed Ijyb
  4928 | D:4      | Reached skill level 5 in Dodging
  4928 | D:4      | Reached XP level 6. HP: 5/32 MP: 10/15
  6008 | D:5      | Entered Level 5 of the Dungeon
  6020 | D:4      | Learned a level 3 spell: Frozen Ramparts
  6024 | D:4      | Learned a level 3 spell: Ozocubu's Armour
  6029 | D:4      | Learned a level 4 spell: Summon Ice Beast
  6086 | D:5      | Reached skill level 6 in Dodging
  6296 | D:5      | Reached XP level 7. HP: 34/36 MP: 10/16
  6644 | D:5      | Reached skill level 7 in Dodging
  7280 | D:5      | HP: 1/36 [ice beast (11)]
  7764 | D:6      | Found a glowing drain.
  7775 | Sewer    | Entered a sewer
  7820 | Sewer    | Reached XP level 8. HP: 20/41 MP: 14/17
  8669 | D:5      | Reached skill level 8 in Dodging
  9639 | D:6      | Reached skill level 1 in Summonings
 11290 | D:7      | Found a staircase to the Ecumenical Temple.
 11363 | Temple   | Entered the Ecumenical Temple
 11559 | Temple   | Became a worshipper of Ashenzari the Shackled
 11665 | D:7      | Reached skill level 9 in Dodging
 11823 | D:7      | Reached XP level 9. HP: 38/45 MP: 12/18
 12149 | D:7      | Found a glowing golden altar of the Shining One.
 12149 | D:7      | Found a sparkling altar of Nemelex Xobeh.
 13598 | D:8      | Reached skill level 5 in Summonings
 14030 | D:8      | Reached skill level 10 in Dodging
 14195 | D:8      | Reached skill level 10 in Ice Magic
 14819 | D:9      | Found a flagged portal.
 14839 | Bailey   | Entered a bailey
 15519 | Bailey   | Noticed an orc knight
 15615 | Bailey   | Killed an orc knight
 15616 | Bailey   | Reached skill level 11 in Dodging
 15977 | D:9      | Identified a scroll of acquirement
 15977 | D:9      | Acquired a cursed +1 pair of boots of stealth
 16288 | D:9      | Found Izeucu's Antique Armour Boutique.
 16294 | D:9      | Bought a shiny helmet for 217 gold pieces
 16306 | D:9      | Reached XP level 10. HP: 50/50 MP: 16/19
 16769 | D:9      | Noticed a centaur warrior
 16914 | D:9      | Reached * piety under Ashenzari
 17038 | D:9      | Found a staircase to the Orcish Mines.
 17066 | D:9      | Found Usmaefo's Distillery.
 17073 | D:9      | Bought a potion of magic for 88 gold pieces
 17073 | D:9      | Bought a potion of mutation for 88 gold pieces
 17073 | D:9      | Gained mutation: You have a pair of small horns on your
                  | head. [potion of mutation]
 17073 | D:9      | Gained mutation: You are partially covered in thin metallic
                  | scales. (AC +2) [potion of mutation]
 17074 | D:9      | Lost mutation: You have a pair of small horns on your head.
                  | [potion of mutation]
 17074 | D:9      | Gained mutation: Your body sometimes deteriorates upon
                  | taking damage. [potion of mutation]
 17074 | D:9      | Gained mutation: You occasionally shout uncontrollably at
                  | your foes. [potion of mutation]
 17074 | D:9      | Gained mutation: Your natural rate of healing is unusually
                  | fast. [potion of mutation]
 17075 | D:9      | Lost mutation: You occasionally shout uncontrollably at
                  | your foes. [potion of mutation]
 17075 | D:9      | Lost mutation: Your body sometimes deteriorates upon taking
                  | damage. [potion of mutation]
 17075 | D:9      | Gained mutation: You are mostly covered in thin metallic
                  | scales. (AC +3) [potion of mutation]
 17075 | D:9      | Gained mutation: You have sharp fingernails. [potion of
                  | mutation]
 17561 | D:9      | Found Raqahis's Magic Scroll Boutique.
 17574 | D:9      | Killed a centaur warrior
 17575 | D:9      | Reached skill level 1 in Fighting
 17702 | D:9      | Bought a scroll of blinking for 105 gold pieces
 17726 | D:9      | Found a staircase to the Lair.
 17733 | D:10     | Entered Level 10 of the Dungeon
 17995 | D:10     | Reached skill level 12 in Dodging
 18307 | D:10     | Noticed Maurice
 18340 | D:10     | Killed Maurice
 19087 | D:10     | Noticed Snorg
 19103 | D:10     | Killed Snorg
 19104 | D:10     | Reached XP level 11. HP: 30/60 MP: 6/20
 19522 | D:10     | Killed an unseen horror
 19523 | D:10     | Reached skill level 13 in Dodging
 20061 | D:10     | Found a runed translucent gate.
 20062 | D:10     | Found a runed translucent gate.
 20063 | D:10     | Found a runed translucent gate.
 20066 | D:10     | Noticed Hubris850's ghost (novice DsGl)
 20602 | D:11     | Found an opulent altar of Gozag.
 20602 | D:11     | Noticed an obsidian statue
 20603 | D:11     | Found a runed translucent gate.
 20603 | D:11     | Found a runed translucent gate.
 20603 | D:11     | Found a runed translucent gate.
 20604 | D:11     | Noticed phalm's ghost (journeyman DECj)
 20605 | D:11     | Found Ruitat's Assorted Antiques.
 20605 | D:11     | Noticed a boulder beetle
 20605 | D:11     | Noticed a fire giant
 20635 | D:11     | Found a gate leading to a gauntlet.
 20643 | Gauntlet | Entered a Gauntlet
 20643 | Gauntlet | Found a transporter.
 20643 | Gauntlet | Found a transporter.
 20644 | Gauntlet | Noticed a fire crab
 20662 | Gauntlet | Found a transporter.
 20665 | Gauntlet | Found a transporter.
 20672 | Gauntlet | Noticed a shining eye
 20677 | Gauntlet | Found a transporter.
 20678 | Gauntlet | Found a transporter.
 20686 | Gauntlet | Noticed a thrashing horror
 20688 | Gauntlet | Found a transporter.
 20690 | Gauntlet | Noticed a thrashing horror
 20707 | Gauntlet | Found a transporter.
 20709 | Gauntlet | Identified a +2 pair of boots of running
 20741 | Gauntlet | Found a transporter.
 20741 | Gauntlet | Found a transporter.
 20749 | Gauntlet | Found a transporter.
 20752 | Gauntlet | Found a transporter.
 20776 | Gauntlet | Noticed a fire crab
 20792 | Gauntlet | Killed a fire crab
 20793 | Gauntlet | Reached skill level 5 in Fighting
 21009 | Gauntlet | Noticed a minotaur
 21022 | Gauntlet | Killed a minotaur
 21521 | D:11     | Noticed a death drake
 21968 | D:11     | Reached skill level 14 in Dodging
 22072 | D:12     | Reached ** piety under Ashenzari
 22629 | D:12     | Reached XP level 12. HP: 70/70 MP: 15/21
 22687 | D:12     | Noticed a boulder beetle
 22695 | D:12     | Found a transporter.
 22701 | D:12     | Noticed Seanster0919's ghost (journeyman MiFi)
 22702 | D:12     | Found a transporter.
 22895 | D:12     | Identified the +4 flail "Gesem" {flame, rPois rF++ Int-5
                  | Dex+4}
 23046 | D:12     | Found a portal to a secret trove of treasure.
 23076 | D:12     | Noticed Urug
 23088 | D:12     | Killed Urug
 23504 | D:13     | Noticed a tengu warrior
 23986 | Lair:1   | Entered Level 1 of the Lair of Beasts
 24159 | Lair:1   | Noticed Harold
 24190 | Lair:1   | Killed Harold
 24679 | Lair:1   | Reached *** piety under Ashenzari
 25184 | Lair:1   | Reached skill level 15 in Dodging
 25780 | Lair:2   | Learned a level 4 spell: Hailstorm
 25786 | Lair:2   | Learned a level 5 spell: Iskenderun's Battlesphere
 25856 | Lair:2   | Reached skill level 1 in Conjurations
 25924 | Lair:2   | Found a staircase to the Snake Pit.
 26305 | Lair:2   | Noticed a queen ant
 26328 | Lair:2   | Killed a queen ant
 26485 | Lair:3   | Noticed a seven-headed hydra
 26679 | Lair:3   | Noticed a four-headed hydra
 26695 | Lair:3   | Killed a four-headed hydra
 26752 | Lair:3   | Reached XP level 13. HP: 76/79 MP: 6/22
 27479 | Lair:3   | Found a staircase to the Shoals.
 27689 | Lair:4   | Reached skill level 5 in Conjurations
 27755 | Lair:4   | Reached **** piety under Ashenzari
 28198 | Lair:4   | Identified the +10 whip "Zusho" {pain, rN+ Will- Str+4}
 28437 | Lair:4   | Found a runed translucent gate.
 28438 | Lair:4   | Found a runed translucent gate.
 28438 | Lair:4   | Found a runed translucent gate.
 28438 | Lair:4   | Noticed Wairalebb's ghost (journeyman BaFi)
 29072 | Lair:4   | Identified the +2 mace of the Dead {flame, SInv}
 29957 | Lair:5   | Reached skill level 10 in Fighting
 30399 | Lair:5   | Found a runed translucent door.
 30409 | Lair:5   | Found a viscous altar of Jiyva.
 30409 | Lair:5   | Found a staircase to the Slime Pits.
 30620 | Lair:6   | Entered Level 6 of the Lair of Beasts
 31367 | Lair:6   | HP: 1/83 [death yak (24)]
 31368 | Lair:6   | Mangled by a death yak

Illustrated notes

Levels and vault maps discovered:
D:1:      nzn_arrival_water_spiral, layout_basic, minmay_tall_x
D:2:      layout_loops_ring
D:3:      layout_basic, nicolae_overflow_hidden_temple,
          chequers_ecumenical_altar_grove, okawaru_metal_pillars_1_2
D:4:      layout_basic, xom_redecorated, serial_park_tiny_2, uniq_ijyb
D:5:      layout_layer_cave, grunt_ministairs_7
D:6:      layout_loops_ring, lightli_sewer_entry_pipes
D:7:      layout_loops_ring, gammafunk_temple_overflow_statue,
          minmay_temple_entry_hall, minmay_manual_monolith
D:8:      layout_loops_corners
D:9:      layout_gridville, erik_lair_island, orc_0_dummy, serial_shops,
          kennysheep_little_box, shop, nicolae_shop_statue_plus, enter_bailey_6,
          minmay_microvault
D:10:     layout_basic, serial_curves, eino_curves_03, eino_curves_04,
          gammafunk_ghost_spectres, corexii_corridor_pit,
          kennysheep_generic_room_5, uniq_snorg, uniq_maurice
D:11:     layout_basic, gauntlet_entry_generic, ebering_ghost_gozag
D:12:     layout_basic, gammafunk_ghost_arena, enter_trove_2, uniq_urug
D:13:     layout_basic, makhleb_altar_promises_db
Temple:   dpeg_five_rooms_temple
Lair:1:   layout_regular_city, serial_bayou_shore_a, grunt_megastairs_5,
          minmay_lair_oklob_chamber, serial_bayou_shore_b, lemuel_fruit_fields,
          serial_bayou_shore_b, infiniplex_staircase_pool, lemuel_fruit_fields,
          uniq_harold
Lair:2:   layout_cave_shapes, dummy_snake_entry, zaba_antful_of_joy
Lair:3:   layout_chaotic_city, minmay_shoals_entry_hut
Lair:4:   layout_cave_pods, gammafunk_ghost_hydra_chop, grunt_megastairs_1
Lair:5:   layout_roguey, slime_altar_2, infiniplex_staircase_pool_2,
          lemuel_fruit_tree, grunt_megastairs_2
Lair:6:   evilmike_catoblepas_cave, layout_misc_corridors

Skill      XL: |  1  2  3  4  5  6  7  8  9 10 11 12 13 |
---------------+----------------------------------------+-----
Dodging        | 3 4 5 6 7 9 11 12 14 15 | 15.0
Spellcasting   | 4 5 6 |  6.1
Ice Magic      | 5 6 7 8 9 10 11 12 13 | 13.6
Summonings     | 3 7 8 |  8.0
Fighting       | 3 6 8 10 | 10.4
Conjurations   | 4 8 |  8.6
Stealth        | |  2.4

Action                   |  1- 3 |  4- 6 |  7- 9 | 10-12 | 13-15 || total
-------------------------+-------+-------+-------+-------+-------++-------
Melee: Unarmed           |    20 |       |       |       |       ||    20
       Dagger            |    49 |     1 |   414 |   696 |   353 ||  1513
       Short sword       |       |    47 |     3 |       |       ||    50
Throw: Dart              |       |       |       |     2 |       ||     2
 Cast: Freeze            |    50 |    57 |   140 |   129 |    48 ||   424
       Frozen Ramparts   |       |     3 |    30 |    54 |    24 ||   111
       Ozocubu's Armour  |       |     1 |    26 |    57 |    23 ||   107
       Summon Ice Beast  |       |       |     4 |    23 |    14 ||    41
       Iskenderun's Batt |       |       |       |       |     1 ||     1
Invok: Curse Item        |       |       |     1 |     2 |       ||     3
Evoke: Wand              |       |     1 |    32 |    11 |       ||    44
  Use: Scroll            |       |     6 |    16 |    15 |     3 ||    40
       Potion            |       |     2 |     5 |    13 |     1 ||    21
 Stab: Sleeping          |     7 |     1 |     9 |    14 |     1 ||    32
       Distracted        |       |       |     1 |     1 |       ||     2
Armor: Robe              |    14 |     6 |   103 |   215 |    82 ||   420
Dodge: Dodged            |    76 |    68 |   454 |   762 |   357 ||  1717
Block: Other             |       |       |   161 |   197 |    74 ||   432
       Reflection        |       |       |     4 |     8 |       ||    12
